 Dungeon Crawl Stone Soup version 0.31-a0-965-g8a8ce12e04 (webtiles) character file.

Game seed: 6392681907697094053

170 lunkers the Insei (level 6, -1/47 HPs)
             Began as a Meteoran Shapeshifter on Oct 26, 2023.
             Slain by a worm (10 damage)
             ... on level 4 of the Dungeon.
             The game lasted 00:02:28 (1465 turns).

lunkers the Insei (Meteoran Shapeshifter)           Turns: 1465, Time: 00:02:28

Health: -1/47      AC:  5    Str: 15    XL:     6   Next: 8%
Magic:  7/7        EV: 11    Int: 13    God:
Gold:   121        SH:  0    Dex: 15    Spells: 5/5 levels left

rFire   . .          .
                       - Unarmed
rCold   . . .        (no shield)
rNeg    . . .        j - +0 ring mail
rPois   .            (helmet currently unavailable)
rElec   .            (cloak currently unavailable)
rCorr   .            (gloves currently unavailable)
SInv    .            (boots currently unavailable)
Will    .....        (no amulet)
Stlth   +            (no ring)
HPRegen 0.27/turn    (no ring)
MPRegen 0.10/turn

%: no passive effects
@: lethally poisoned (-1 -> -3), beast-form, glowing
A: beast (slay +2), sense surroundings 1, otherworldly, glowing, explore regen
a: Begin Untransformation


You were on level 4 of the Dungeon.
You were a hulking beast.
You visited 1 branch of the dungeon, and saw 4 of its levels.

You collected 121 gold pieces.

Inventory:

Armour
 a - a +0 animal skin
 j - a +0 ring mail (worn)
Jewellery
 e - a ring of ice
Talismans
 c - a beast talisman
 d - a flux talisman
Scrolls
 f - a scroll of fear {unknown}
 g - a scroll of teleportation {unknown}
 h - 5 scrolls of identify {unknown}
 i - a scroll of amnesia {unknown}
 l - a scroll of vulnerability {unknown}
Potions
 b - 2 potions of lignification
 k - a potion of haste {unknown}


   Skills:
 - Level 1.1 Fighting
 - Level 2.1 Dodging
 * Level 6.2 Unarmed Combat
 + Level 4.9 Shapeshifting


You had 5 spell levels left.
You didn't know any spells.
Your spell library was empty.

Dungeon Overview and Level Annotations

Branches:
Dungeon (4/15) Zot: 949
 Temple: D:4-7

Altars:
Cheibriados


Innate Abilities, Weirdness & Mutations

You are a hulking beast.
Your limbs bulge with bestial killing power. (Slay +2)
You passively map a small area around you.
You are easily found by Zot.
You glow in the dark.
You regain HP and MP as you explore.


Message History

You completely miss the adder.
The adder is severely wounded.
The adder bites you but does no damage.
You punch the adder!
You kill the adder!
The adder bites you.
You are poisoned.
The adder poisons you! The worm bites you.
You have reached level 6!
You feel clever.
You feel sick. The adder attacks as it pursues you!
The adder bites you but does no damage. The adder bites you.
The worm bites you!
* * * LOW HITPOINT WARNING * * *
You punch the adder!
The adder is severely wounded.
You feel sick. The adder bites you.
* * * LOW HITPOINT WARNING * * *
You are more poisoned.
The adder poisons you!
You hit the adder.
You kill the adder!
You feel sick.
The worm splashes around in the water.
Unknown command.
You punch the river rat!
The river rat is severely wounded.
You feel sick. The river rat bites you.
* * * LOW HITPOINT WARNING * * *
You barely miss the river rat.
The river rat is severely wounded.
You feel sick. The worm closely misses you. The river rat barely misses you.
Unknown command.
You hit the river rat but do no damage.
The river rat is severely wounded.
You feel sick. The river rat bites you.
* * * LOW HITPOINT WARNING * * *
You hit the river rat.
The river rat is almost dead.
You feel sick. The worm bites you!
You die...

* #..# #.#.#.. *
~#..#####.#.#.# ~ *
#............. ~~
#......#....## ######
#..#....)##... # ~~~~~
#..#.†..##....
#~~#~#~####.#..##....#..
..~.~~w~~†....####..##..
......rh...#.## #..# ..
#............# #.## .#
####........## *.# , ,
...######## .# * *#### ,
, *, ,


You could see a worm and a river rat.

Vanquished Creatures
  A hound (D:3)
  An orc wizard (D:3)
  5 adders
  4 worms
  4 dart slugs
  3 orcs (D:3)
  3 endoplasms
  4 goblins
  2 hobgoblins
  3 quokkas
  3 ball pythons
  A bat (D:1)
  17 kobolds
  4 rats
55 creatures vanquished.

Notes
Turn   | Place    | Note
-------+----------+-------------------------------------------
     0 | D:1      | lunkers the Meteoran Shapeshifter began the quest for the
                  | Orb.
     0 | D:1      | Reached XP level 1. HP: 16/16 MP: 2/2
    92 | D:1      | Reached XP level 2. HP: 23/23 MP: 3/3
   128 | D:1      | Reached skill level 4 in Unarmed Combat
   227 | D:1      | Reached XP level 3. HP: 28/28 MP: 4/4
   484 | D:2      | Reached XP level 4. HP: 29/35 MP: 5/5
   527 | D:2      | Reached skill level 5 in Unarmed Combat
   892 | D:3      | Reached XP level 5. HP: 35/40 MP: 6/6
  1029 | D:3      | Reached skill level 6 in Unarmed Combat
  1186 | D:3      | Found a faded altar of an unknown god.
  1317 | D:3      | Found a snail-covered altar of Cheibriados.
  1459 | D:4      | Reached XP level 6. HP: 39/47 MP: 7/7
  1465 | D:4      | Slain by a worm

Illustrated notes

Levels and vault maps discovered:
D:1:      dpeg_arrival_windows_large_door, layout_loops_ring
D:2:      layout_loops_ring
D:3:      cheibrodos_thug_alley, layout_basic, mainiacjoe_overflow_24_doors,
          basic_ecumenical_altar
D:4:      layout_rooms, marbit_many_paths, lightli_sewer_entry_pipes,
          minmay_misc_feat_iff

Skill      XL: |  1  2  3  4  5 |
---------------+----------------+-----
Unarmed Combat | 4 5 6 |  6.2
Shapeshifting  | 4 |  4.9
Fighting       | |  1.1
Dodging        | |  2.1

Action                     |  1- 3 |  4- 6 || total
---------------------------+-------+-------++-------
  Melee: Unarmed           |    56 |   106 ||   162
         Punch             |       |     1 ||     1
 Armour: Animal skin       |    28 |    21 ||    49
         Ring mail         |       |    44 ||    44
  Dodge: Dodged            |    29 |    38 ||    67

Table legend: (Time is in decaauts)
 A = Elapsed time spent in this place.
 B = Non-inter-level travel time spent in this place.
 C = Inter-level travel time spent in this place.
 D = Time resting spent in this place.
 E = Time spent auto-exploring this place.
 F = Levels seen in this place.
 G = Mean time per level.
                   A        B        C        D        E       F      G
               +--------+--------+--------+--------+--------+-----+--------+
         Total |   1449 |   1432 |     17 |      0 |   1086 |   4 |  362.2 |
       Dungeon |   1449 |   1432 |     17 |      0 |   1086 |   4 |  362.2 |
               +--------+--------+--------+--------+--------+-----+--------+

Top non-repeatable levels by time:
     D:3: 616 daAuts
     D:2: 432 daAuts
     D:1: 325 daAuts
     D:4: 76 daAuts
